 Dungeon Crawl Stone Soup version 0.31-a0-524-g2a164cf6a2 (webtiles) character file.

Game seed: 17944559607730306614

1044 Gargoyl the Chopper (level 8, -3/49 HPs)
             Began as a Gargoyle Berserker on Aug 12, 2023.
             Was a Priest of Trog.
             Killed by divine providence
             ... invoked by an orc priest
              (11 damage)
             ... on level 4 of the Dungeon.
             The game lasted 00:03:40 (2232 turns).

Gargoyl the Chopper (Gargoyle Berserker)            Turns: 2232, Time: 00:03:41

Health: -3/49      AC: 12    Str: 23    XL:     8   Next: 25%
Magic:  8/8        EV: 12    Int:  9    God:    Trog [***...]
Gold:   289        SH:  0    Dex: 11    Spells: 7/7 levels left

rFire   . . .        a - +0 hand axe (drain)
rCold   . . .        (no shield)
rNeg    + . .        g - +0 ring mail of Ru's Grace {Regen+ Str+3}
rPois   ∞            k - +0 helmet
rElec   +            (no cloak)
rCorr   .            (no gloves)
SInv    .            (no boots)
Will    .....        (no amulet)
Stlth   +            (no ring)
HPRegen 1.08/turn    (no ring)
MPRegen 0.11/turn

%: no passive effects
@: on berserk cooldown
A: sickness immunity, AC +5, negative energy resistance 1, electricity
resistance, torment resistance 1, petrification resistance
a: Renounce Religion, Berserk, Trog's Hand


You were on level 4 of the Dungeon.
You worshipped Trog.
Trog was most pleased with you.
You visited 1 branch of the dungeon, and saw 4 of its levels.

You collected 289 gold pieces.

Inventory:

Hand Weapons
 a - a +0 hand axe of draining (weapon)
Armour
 g - the +0 ring mail of Ru's Grace (worn) {Regen+ Str+3}
   (You found it on level 2 of the Dungeon)

   Str+3:     It affects your strength (+3).
   Regen+:    It increases your rate of health regeneration.
 k - a +0 helmet (worn)
Scrolls
 f - a scroll of enchant armour
 m - a scroll of identify
 n - a scroll of teleportation {unknown}
Potions
 b - a potion of berserk rage {unknown}
 c - a potion of curing {unknown}
 d - 2 potions of attraction {unknown}
 e - a potion of mutation {unknown}
 h - a potion of haste {unknown}
 i - a potion of invisibility {unknown}
 j - 2 potions of enlightenment {unknown}
 l - a potion of ambrosia {unknown}


   Skills:
 + Level 5.3 Fighting
 + Level 6.5 Axes
 + Level 4.5 Armour
 + Level 3.6 Dodging
 + Level 0.2 Stealth


You had 7 spell levels left.
You didn't know any spells.
Your spell library was empty.

Dungeon Overview and Level Annotations

Branches:
Dungeon (4/15)             Temple (0/1) D:4

Altars:
Dithmenos
Elyvilon
Ru


Innate Abilities, Weirdness & Mutations

You are immune to sickness and miasma.
Your stone body is resilient. (AC +5)
You are immune to poison.
You resist negative energy. (rN+)
You are resistant to electric shocks. (rElec)
You are resistant to unholy torment.
You are immune to petrification.


Message History

You feel less confused.
The orc priest invokes the aid of Beogh against you.
Pain shoots through your body!
The orc priest looks satisfied for a moment.
You completely miss the orc wizard.
The orc wizard is heavily wounded.
You barely miss the orc priest.
The orc wizard hits you but does no damage.
The orc priest invokes the aid of Beogh against you.
Beogh smites you!
* * * LOW HITPOINT WARNING * * *
You're still recovering from your berserk rage.
You miss the orc wizard.
The orc wizard is heavily wounded.
You barely miss the orc priest. You closely miss the orc priest.
The orc wizard hits you but does no damage.
The orc priest hits you but does no damage.
The orc priest calls upon Beogh to heal the orc wizard.
The orc wizard is healed somewhat.
You closely miss the orc wizard.
The orc wizard is moderately wounded.
You hit the orc priest.
You kill the orc priest!
Trog accepts your kill.
You hit the orc priest but do no damage.
The orc priest hits you but does no damage.
The orc wizard barely misses you.
You closely miss the orc wizard.
The orc wizard is moderately wounded.
You hit the orc priest but do no damage.
The orc priest hits you but does no damage.
The orc wizard casts a spell at you. The puff of flame hits you!
* * * LOW HITPOINT WARNING * * *
You barely miss the orc priest.
The orc priest is almost dead.
You completely miss the orc wizard.
The orc priest invokes the aid of Beogh against you.
Beogh smites you!
You die...

...##...##)........# .#
##..##.##..##......#
.##..#.#..##.......#
..##.....##.†#######
#..#.....#..<###### ##
##.........#......# ##.. #
##....###.######.## #.. ##..
###..# #..#####).####.###...
#..# # .##..@o.....^....#..
###..####.##.##o.###.....#...
###.....#..... #..##.<.....o..
))........##..###..#...o...o..o
###.....#####......#.........?.
# #........####..............{.
######.###.###..#..............
#......#.....#.###.........>...
......:........# #)##..........


You could see an orc priest (very drained) and an orc wizard.

Vanquished Creatures
  Pikel (D:4)
  Sigmund (D:3)
  A scorpion (D:4)
  2 hounds
  An orc priest (D:4)
  Jessica (D:3)
  An orc wizard (D:4)
  Robin (D:3)
  8 adders
  4 gnolls
  2 worms
  2 dart slugs (D:4)
  10 orcs
  5 endoplasms
  4 giant cockroaches
  16 goblins
  8 hobgoblins
  4 jackals (D:2)
  3 quokkas
  13 ball pythons
  3 bats
  4 frilled lizards
  7 kobolds
  6 rats
108 creatures vanquished.

Notes
Turn   | Place    | Note
-------+----------+-------------------------------------------
     0 | D:1      | Gargoyl the Gargoyle Berserker began the quest for the Orb.
     0 | D:1      | Reached XP level 1. HP: 14/14 MP: 1/1
    35 | D:1      | Reached skill level 3 in Axes
    35 | D:1      | Reached XP level 2. HP: 11/19 MP: 2/2
   210 | D:1      | Reached XP level 3. HP: 24/24 MP: 3/3
   490 | D:2      | Identified the +0 ring mail of Ru's Grace {Regen+ Str+3}
   678 | D:2      | Reached ** piety under Trog
   833 | D:2      | Reached XP level 4. HP: 27/29 MP: 4/4
   972 | D:2      | Found a faded altar of an unknown god.
  1282 | D:3      | Noticed Jessica
  1292 | D:3      | Killed Jessica
  1439 | D:3      | Noticed Robin
  1446 | D:3      | Reached XP level 5. HP: 33/33 MP: 5/5
  1450 | D:3      | Reached skill level 4 in Axes
  1455 | D:3      | Killed Robin
  1473 | D:3      | Noticed Sigmund
  1501 | D:3      | Killed Sigmund
  1502 | D:3      | Reached XP level 6. HP: 16/39 MP: 6/6
  1652 | D:3      | Found a white marble altar of Elyvilon.
  1821 | D:4      | Found a shadowy altar of Dithmenos.
  1860 | D:4      | Found a sacrificial altar of Ru.
  1967 | D:4      | Reached skill level 5 in Axes
  1982 | D:4      | Reached *** piety under Trog
  1983 | D:4      | Reached XP level 7. HP: 44/44 MP: 7/7
  2072 | D:4      | Found a staircase to the Ecumenical Temple.
  2181 | D:4      | Noticed Pikel
  2189 | D:4      | Killed Pikel
  2190 | D:4      | Reached skill level 5 in Fighting
  2190 | D:4      | Reached skill level 6 in Axes
  2190 | D:4      | Reached XP level 8. HP: 49/49 MP: 8/8
  2232 | D:4      | Killed from afar by an orc priest

Illustrated notes

Levels and vault maps discovered:
D:1:      minmay_arrival_four_houses, layout_rooms
D:2:      layout_loops_cross, chequers_ecumenical_altar_twisty
D:3:      layout_basic, mainiacjoe_overflow_catwalk, uniq_jessica, uniq_sigmund,
          uniq_robin
D:4:      layout_rooms, mainiacjoe_overflow_two_lobes,
          minmay_temple_entry_waves, gup_ossuary_entry_pyramid,
          minmay_snake_closets, uniq_pikel

Skill      XL: |  1  2  3  4  5  6  7 |
---------------+----------------------+-----
Axes           | 3 4 5 6 |  6.5
Dodging        | 2 3 |  3.6
Fighting       | 4 5 |  5.3
Armour         | 3 4 |  4.5
Stealth        | |  0.2

Action                     |  1- 3 |  4- 6 |  7- 9 || total
---------------------------+-------+-------+-------++-------
  Melee: Hand axe          |    82 |    99 |    60 ||   241
         Punch             |       |     1 |     2 ||     3
 Invoke: Berserk           |     1 |     2 |     3 ||     6
         Trog's Hand       |       |     1 |       ||     1
    Use: Scroll            |     2 |     1 |     1 ||     4
 Armour: Animal skin       |    23 |       |       ||    23
         Ring mail         |    22 |    82 |    50 ||   154
  Dodge: Dodged            |    43 |    67 |    66 ||   176

Table legend: (Time is in decaauts)
 A = Elapsed time spent in this place.
 B = Non-inter-level travel time spent in this place.
 C = Inter-level travel time spent in this place.
 D = Time resting spent in this place.
 E = Time spent auto-exploring this place.
 F = Levels seen in this place.
 G = Mean time per level.
                   A        B        C        D        E       F      G
               +--------+--------+--------+--------+--------+-----+--------+
         Total |   2302 |   2231 |     71 |     25 |   1433 |   4 |  575.5 |
       Dungeon |   2302 |   2231 |     71 |     25 |   1433 |   4 |  575.5 |
               +--------+--------+--------+--------+--------+-----+--------+

Top non-repeatable levels by time:
     D:2: 722 daAuts
     D:3: 556 daAuts
     D:4: 521 daAuts
     D:1: 501 daAuts
